 Dungeon Crawl Stone Soup version 0.27-a0-1555-g0e7b3fb1d2 (webtiles) character file.

Game seed: 2993954278408993862

5037 bjtr the Stinger (level 10, -1/60 HPs)
             Began as a Gargoyle Venom Mage on July 11, 2021.
             Was a Follower of Vehumet.
             Killed by the air
             ... invoked by Gastronok
              (6 damage)
             ... on level 8 of the Dungeon on July 15, 2021.
             The game lasted 00:58:52 (12310 turns).

bjtr the Stinger (Gargoyle Venom Mage)             Turns: 12310, Time: 00:58:52

Health: -1/60      AC: 24    Str: 13    XL:     10   Next: 55%
Magic:  14/19      EV: 15    Int: 20    God:    Vehumet [*.....]
Gold:   551        SH:  6    Dex: 10    Spells: 13/21 levels left

rFire    . . .     SeeInvis +   L - +2 morningstar
rCold    + . .     Faith    .   e - +1 buckler
rNeg     + + +     Spirit   .   H - +2 ring mail {rN+}
rPois    ∞         Reflect  .   D - +1 helmet
rElec    +         Harm     .   r - +2 cloak
rCorr    .         Rampage  .   y - +2 pair of gloves of Prudence {+Blink rN+}
Will     .....                  (no boots)
Stlth    +.........             (no amulet)
HPRegen  0.20/turn              F - +4 ring of evasion
MPRegen  0.16/turn              K - ring "Ackuuj" {rC+ Str+2 SInv}

@: slowed, very slow
A: sickness immunity, AC +7, negative energy resistance 1, electricity
resistance, torment resistance 1, petrification resistance
a: Renounce Religion, Evoke Blink


You were on level 8 of the Dungeon.
You worshipped Vehumet.
Vehumet was aware of your devotion.
You visited 2 branches of the dungeon, and saw 9 of its levels.
You also visited: Sewer.

You collected 616 gold pieces.
You spent 65 gold pieces at shops.

Inventory:

Hand Weapons
 g - a +0 scythe
 t - a +1 morningstar of protection
 u - a +3 quarterstaff of chaos
 v - a +3 great sword
 C - a +3 flail of freezing
 L - a +2 morningstar (weapon)
 M - a +1 scimitar
Missiles
 b - 11 boomerangs
 c - 33 poisoned darts (quivered)
 E - 2 throwing nets
Armour
 e - a +1 buckler (worn)
 r - a +2 cloak (worn)
 y - the +2 pair of gloves of Prudence (worn) {+Blink rN+}
   (You found it on level 7 of the Dungeon)

   rN:        It protects you from negative energy.
   +Blink:    It lets you blink.
 A - a +0 kite shield
 D - a +1 helmet (worn)
 G - a +0 leather armour
 H - a +2 ring mail of positive energy (worn)
Jewellery
 f - an amulet of faith
 F - a +4 ring of evasion (left hand)
 K - the ring "Ackuuj" (right hand) {rC+ Str+2 SInv}
   (You found it on level 8 of the Dungeon)

   [ring of see invisible]

   Str:       It affects your strength (+2).
   rC:        It protects you from cold.
   SInv:      It lets you see invisible.
Scrolls
 a - a scroll of immolation
 k - 4 scrolls of teleportation
 n - 2 scrolls of enchant weapon
 p - a scroll of magic mapping
 w - 2 scrolls of amnesia
Potions
 h - a potion of resistance
 i - a potion of attraction
 j - 3 potions of mutation
 l - a potion of might
 m - a potion of heal wounds
 o - 2 potions of curing
 q - a potion of lignification
 s - a potion of flight
 z - 3 potions of berserk rage
 B - 3 potions of brilliance
 I - 3 potions of magic
 J - a potion of haste {unknown}


   Skills:
 * Level 6.2 Fighting
 * Level 5.8 Armour
 + Level 4.1 Dodging
 - Level 3.0 Stealth
 * Level 6.4 Shields
 * Level 6.1 Spellcasting
 * Level 4.1 Conjurations
 + Level 2.7 Transmutations
 + Level 0.9 Air Magic
 * Level 6.9 Poison Magic
 + Level 0.6 Evocations


You had 13 spell levels left.
You knew the following spells:

 Your Spells              Type           Power      Damage    Failure   Level
a - Sting                 Tmut/Pois      100%       1d8       2%          1
b - Mephitic Cloud        Conj/Pois/Air  22%        N/A       12%         3
c - Olgreb's Toxic Radia  Pois           33%        N/A       12%         4

Your spell library contained the following spells:

 Spells                   Type           Power      Damage    Failure   Level
 Freeze                   Ice            24%        1d5       21%         1
 Poisonous Vapours        Pois/Air       42%        N/A       6%          2
 Gell's Gravitas          Tloc           3%         N/A       52%         3
 Lesser Beckoning         Tloc           3%         N/A       52%         3
 Teleport Other           Tloc           6%         N/A       52%         3
 Summon Forest            Summ/Tloc      3%         N/A       99%         5
 Eringya's Noxious Bog    Tmut/Pois      12%        N/A       99%         6
 Dispersal                Tloc           3%         N/A       100%        6
 Summon Hydra             Summ           3%         N/A       100%        7


Dungeon Overview and Level Annotations

Branches:
Dungeon (8/15)             Temple (1/1) D:6            Lair (0/6) D:8
  Sewer (visited)

Altars:
Ashenzari
Cheibriados
Dithmenos
Elyvilon
Fedhas
Gozag
Hepliaklqana
Kikubaaqudgha
Makhleb
Nemelex Xobeh
Okawaru
Qazlal
Ru
Sif Muna
Trog
Uskayaw
Vehumet
Wu Jian
Xom
Yredelemnul
Zin
The Shining One

Shops:
D:3 =:!(

Annotations:
D:6 Menkaure
D:8 Gastronok


Innate Abilities, Weirdness & Mutations

You are immune to sickness and miasma.
Your stone body is resilient. (AC +7)
You are immune to poison.
You resist negative energy. (rN+)
You are resistant to electric shocks. (rElec)
You are resistant to unholy torment.
You are immune to petrification.


Message History

Gastronok gurgles, "A snack!
A snack!"
Gastronok casts a spell.
Your skin takes on a slight green cast.
The river rat twitches its whiskers.
You block the river rat's attack. x2
Gastronok waves his eye-stalks in wide circles.
The air twists around and strikes you!! You block the river rat's attack.
You block the river rat's attack.
Gastronok looks more healthy.
The river rat bites you.
* * * LOW HITPOINT WARNING * * *
You fail to use your ability.
The river rat closely misses you.
You fail to use your ability.
The river rat bites you but does no damage.
The river rat barely misses you.
The river rat bites you but does no damage.
The rat bites you but does no damage. The river rat closely misses you.
You block the river rat's attack.
You fail to use your ability.
The river rat bites you.
* * * LOW HITPOINT WARNING * * *
You block the rat's attack. You block the river rat's attack.
The river rat bites you but does no damage. x2
You blink.
Okay, then.
You are confused.
You feel invigorated. The river rat closely misses you.
Gastronok waves his eye-stalks in wide circles.
The air twists around and strikes you!
* * * LOW HITPOINT WARNING * * *
You're too confused to move!
You feel less invigorated.
You feel less confused.
The river rat bites you but does no damage. x2
The river rat completely misses you. You block the river rat's attack.
The river rat bites you but does no damage.
The river rat bites you.
* * * LOW HITPOINT WARNING * * *
The river rat closely misses you. You block the river rat's attack.
Gastronok waves his eye-stalks in wide circles.
The air twists around and strikes you.
You die...

#........#...........#
#........+(..........#
################'#...........###
##...................###'######.#
.#...................#..........#
.'...<)..............#..........#
.#.............w.....#......>...#
##............rrr....#......^...#
....#'##......r.@....########...#
<...#..###########'###....###...#
[...#...............#...........#
....#...............#.......###..
....#..##...###.#####+#####.#⌠#..
....#####...###.##.##.#.....###.#
##......#.............#.........#
.#......#.............#.).).##.##
.#......#.............#........#


You could see Gastronok (swift), 3 river rats and a rat (summoned).

Vanquished Creatures
  A hornet (D:8)
  Sigmund (D:2)
  A wraith (D:6)
  A shadow (D:5)
  A wyvern (D:8)
  A basilisk (D:8)
  4 yaks (D:8)
  4 water moccasins
  3 black bears
  2 orc warriors (D:8)
  3 ice beasts
  2 sky beasts
  A necrophage (D:5)
  2 ogres (D:5)
  A bullfrog (D:6)
  A gnoll sergeant (D:8)
  6 scorpions
  A wyvern skeleton (D:6)
  9 wights
  3 centaur zombies
  A bullfrog zombie (D:6)
  5 hounds
  A centaur skeleton (D:6)
  A jelly (D:6)
  Crazy Yiuf (D:4)
  4 orc priests
  Jessica (D:2)
  2 bullfrog skeletons (D:6)
  6 orc wizards
  Natasha (thrice) (D:2)
  An iguana (D:6)
  11 gnolls
  5 adders
  A white imp (D:5)
  3 ufetubi
  A dart slug (D:5)
  33 orcs
  5 ball pythons
  10 endoplasms
  9 giant cockroaches
  10 goblins
  7 hobgoblins
  5 jackals
  5 quokkas
  9 bats
  4 frilled lizards
  5 kobolds
  7 rats
204 creatures vanquished.

Vanquished Creatures (others)
  An orc wizard (D:7)
1 creature vanquished.

Grand Total: 205 creatures vanquished

Notes
Turn   | Place    | Note
-------+----------+-------------------------------------------
     0 | D:1      | bjtr the Gargoyle Venom Mage began the quest for the Orb.
     0 | D:1      | Reached XP level 1. HP: 10/10 MP: 3/3
   322 | D:1      | Reached XP level 2. HP: 15/15 MP: 1/5
  1013 | D:1      | Found a faded altar of an unknown god.
  1026 | D:1      | Reached XP level 3. HP: 17/19 MP: 6/6
  1284 | D:1      | Reached skill level 1 in Armour
  1542 | D:2      | Noticed Jessica
  1686 | D:1      | Learned a level 3 spell: Mephitic Cloud
  1691 | D:2      | Killed Jessica
  1692 | D:2      | Reached XP level 4. HP: 22/24 MP: 4/7
  1703 | D:2      | Learned a level 4 spell: Olgreb's Toxic Radiance
  1829 | D:2      | Noticed Sigmund
  2116 | D:2      | Noticed Natasha
  2129 | D:2      | Killed Natasha
  2130 | D:2      | Reached skill level 1 in Fighting
  2130 | D:2      | Reached skill level 1 in Transmutations
  2917 | D:2      | Killed Sigmund
  2918 | D:2      | Reached skill level 1 in Shields
  2918 | D:2      | Reached XP level 5. HP: 30/30 MP: 6/9
  2918 | D:2      | Reached XP level 6. HP: 35/35 MP: 6/10
  2971 | D:3      | Found Xehiev's Antique Weapon Boutique.
  3066 | D:3      | Found Uxurpham's Distillery.
  3086 | D:3      | Bought a potion of heal wounds for 65 gold pieces
  3100 | D:3      | Found Seruot's Jewellery Shop.
  3370 | D:3      | Found a shimmering blue altar of Sif Muna.
  3554 | D:3      | Found Dost's Book Shop.
  3608 | D:3      | Found a glowing drain.
  3614 | Sewer    | Entered a sewer
  3683 | Sewer    | Noticed a water moccasin
  3697 | Sewer    | Killed a water moccasin
  3698 | Sewer    | Reached XP level 7. HP: 25/40 MP: 10/12
  4243 | D:2      | Upgraded the game from 0.27-a0-1525-g1038ab4fd7 to
                  | 0.27-a0-1529-g1e82c303ef
  4317 | D:2      | Noticed Natasha
  4327 | D:2      | Killed Natasha
  4551 | D:2      | Noticed Natasha
  4564 | D:2      | Killed Natasha
  4773 | D:4      | You fall into a shaft and drop 1 floor!
  4773 | D:5      | Entered Level 5 of the Dungeon
  4782 | D:5      | Noticed a shadow
  4814 | D:5      | Killed a shadow
  5020 | D:4      | Found a runed translucent door.
  5021 | D:4      | Noticed Crazy Yiuf
  5047 | D:4      | Killed Crazy Yiuf
  5745 | D:4      | Reached XP level 8. HP: 36/46 MP: 9/14
  6632 | D:5      | Reached skill level 1 in Conjurations
  6813 | D:5      | Reached skill level 5 in Poison Magic
  7373 | D:5      | Reached XP level 9. HP: 49/52 MP: 9/16
  7969 | D:5      | Upgraded the game from 0.27-a0-1529-g1e82c303ef to
                  | 0.27-a0-1555-g0e7b3fb1d2
  8101 | D:6      | Reached skill level 5 in Spellcasting
  8641 | D:6      | Reached skill level 5 in Fighting
  8919 | D:6      | Reached skill level 5 in Shields
  9124 | D:6      | Reached skill level 5 in Armour
  9137 | D:6      | Found a staircase to the Ecumenical Temple.
  9171 | D:6      | Noticed Menkaure
  9196 | Temple   | Entered the Ecumenical Temple
  9409 | Temple   | Became a worshipper of Vehumet
 10652 | D:7      | Reached XP level 10. HP: 59/60 MP: 18/18
 10695 | D:7      | Identified the +5 rapier "Killer Klown's Foe" {vorpal,
                  | Will+}
 10938 | D:7      | Identified the +2 pair of gloves of Prudence {+Blink rN+}
 11709 | D:8      | Reached * piety under Vehumet
 11709 | D:8      | Offered knowledge of Freeze by Vehumet.
 12059 | D:8      | Found a staircase to the Lair.
 12162 | D:8      | Identified the ring "Ackuuj" {rC+ Str+2 SInv}
 12260 | D:8      | Noticed Gastronok
 12307 | D:8      | HP: 3/60 [Gastronok/the air (17)]
 12310 | D:8      | Killed from afar by Gastronok

Illustrated notes

Levels and vault maps discovered:
D:1:      dpeg_arrival_ternary, layout_loops_corners,
          shapermc_ecumenical_altar_ellora, hex_medium
D:2:      layout_loops_ring, eino_tiny_chamber, minivault_23,
          hangedman_glass_teeth, roderic_lattice_a, minmay_misc_feat_doors,
          minmay_pentomino_w2, uniq_jessica, uniq_natasha, uniq_sigmund
D:3:      layout_rooms, kennysheep_orc_sif_temple, serial_shops,
          nicolae_shop_waterfront, shop, nicolae_shop_stone, shop,
          gup_sewer_entry_bubbles, guppyfry_early_orc_mine
D:4:      layout_loops_corners, chequers_hall_statues_corner_a,
          hangedman_minor_gate_pass, uniq_crazy_yiuf_cottage
D:5:      layout_loops_cross, nzn_random_ring
D:6:      layout_layer_cave, temple_fountains, uniq_menkaure
D:7:      layout_loops_ring
D:8:      layout_gridville, david_lair_generic, serial_park_tiny_1,
          feat_on_display, uniq_gastronok
Temple:   grunt_wide_crystal_templ

Skill      XL: |  1  2  3  4  5  6  7  8  9 10 |
---------------+-------------------------------+-----
Armour         | 1 2 3 4 5 |  5.8
Fighting       | 2 3 4 5 6 |  6.2
Stealth        | 3 |  3.0
Transmutations | 1 2 |  2.7
Dodging        | 2 3 4 |  4.1
Shields        | 1 2 4 5 6 |  6.4
Spellcasting   | 3 4 5 6 |  6.1
Poison Magic   | 4 5 6 |  6.9
Conjurations   | 2 3 4 |  4.1
Air Magic      | |  0.9
Evocations     | |  0.6

Action                   |  1- 3 |  4- 6 |  7- 9 | 10-12 || total
-------------------------+-------+-------+-------+-------++-------
Melee: Long sword        |    72 |   129 |   478 |       ||   679
       Mace              |     1 |       |       |       ||     1
       Morningstar       |       |       |    31 |    67 ||    98
 Cast: Sting             |    11 |    23 |    62 |       ||    96
       Mephitic Cloud    |       |       |     7 |     5 ||    12
       Olgreb's Toxic Ra |       |       |     1 |    16 ||    17
 Abil: Evoke Blink       |       |       |       |     2 ||     2
Evoke: Wand              |       |       |       |    11 ||    11
  Use: Scroll            |       |     4 |    15 |     3 ||    22
       Potion            |       |       |     4 |     1 ||     5
 Stab: Sleeping          |     3 |     5 |       |       ||     8
       Confused          |       |       |     1 |     1 ||     2
Armor: Robe              |    45 |    81 |    80 |       ||   206
       Ring mail         |       |       |   248 |    50 ||   298
Dodge: Dodged            |    54 |   145 |   334 |    85 ||   618
Block: Buckler           |       |    27 |   178 |    45 ||   250
       Rpst.: Long sword |    10 |    44 |    96 |       ||   150

Table legend: (Time is in decaauts)
 A = Elapsed time spent in this place.
 B = Non-inter-level travel time spent in this place.
 C = Inter-level travel time spent in this place.
 D = Time resting spent in this place.
 E = Time spent auto-exploring this place.
 F = Levels seen in this place.
 G = Mean time per level.
                   A        B        C        D        E       F      G
               +--------+--------+--------+--------+--------+-----+--------+
         Total |  12727 |  12047 |    680 |   2520 |   6618 |  10 | 1272.7 |
       Dungeon |  12253 |  11589 |    664 |   2241 |   6521 |   8 | 1531.6 |
        Temple |    222 |    206 |     16 |    139 |     54 |   1 |  222.0 |
         Sewer |    251 |    251 |      0 |    140 |     43 |   1 |  251.0 |
               +--------+--------+--------+--------+--------+-----+--------+

Top non-repeatable levels by time:
     D:5: 1933 daAuts
     D:2: 1870 daAuts
     D:6: 1796 daAuts
     D:1: 1706 daAuts
     D:4: 1580 daAuts
     D:7: 1325 daAuts
     D:3: 1075 daAuts
     D:8: 963 daAuts
   Sewer: 251 daAuts
  Temple: 222 daAuts
